 Dungeon Crawl Stone Soup version 0.28-a0-751-gef3a642a4e (webtiles) character file.

Game seed: 15057241980092966895

57883 jasper the Champion of Chaos (level 15, -4/156 HPs)
             Began as a Djinni Venom Mage on Oct 30, 2021.
             Was the Champion of Makhleb.
             Engulfed by an ice statue's freezing vapour (11 damage)
             ... in an ice cave.
             The game lasted 00:29:16 (18227 turns).

jasper the Champion of Chaos (Djinni Venom Mage)   Turns: 18227, Time: 00:29:16

Health: -4/156     AC: 12    Str:  4    XL:     15   Next: 27%
Gold:   1554       EV:  7    Int: 27    God:    Makhleb [******] SH:  6 Dex: 19

rFire   + + .      SeeInvis .   t - +1 war axe "Giklaes" {drain, rN+ Str-5 Int+4 Dex+5}
rCold   . . .      Faith    .   C - +0 buckler
rNeg    + . .      Spirit   .   u - +2 scale mail {rC+}
rPois   ∞          Reflect  .   (no helmet)
rElec   .          Harm     .   D - +1 cloak
rCorr   .          Rampage  .   P - +0 pair of gloves "Daus" {Str+2}
Will    +....                   (boots unavailable)
Stlth   ..........              d - amulet of regeneration
HPRegen 1.36/turn               (no ring)
MPRegen 0.00/turn               (no ring)

@: mighty, berserking, flying, very slightly contaminated, unable to read, very
quick
A: sickness immunity, fire resistance 2, cold vulnerability 1, float, innate
caster, hp casting, extra vitality 1, inability to read while threatened
a: Renounce Religion, Minor Destruction, Lesser Servant of Makhleb, Major
Destruction, Greater Servant of Makhleb


You were in an ice cave.
You worshipped Makhleb.
Makhleb was exalted by your worship.
You visited 4 branches of the dungeon, and saw 20 of its levels.
You also visited: Ossuary and Ice Cave.

You collected 1758 gold pieces.
You spent 204 gold pieces at shops.

Inventory:

Hand Weapons
 b - a +0 short sword
 l - a +0 war axe
 t - the +1 war axe "Giklaes" (weapon) {drain, rN+ Str-5 Int+4 Dex+5}
   (You bought it in a shop on level 4 of the Dungeon)

   A truly terrible weapon, it drains the life of any living foe it strikes.
   Str:       It affects your strength (-5).
   Int:       It affects your intelligence (+4).
   Dex:       It affects your dexterity (+5).
   rN:        It protects you from negative energy.
Missiles
 j - 528 stones
 k - 331 arrows
 o - 2 throwing nets
Armour
 a - a +1 robe
 i - a +0 leather armour
 u - a +2 scale mail of cold resistance (worn)
 w - a +0 pair of gloves
 x - +0 acid dragon scales
 B - a +0 kite shield
 C - a +0 buckler (worn)
 D - a +1 cloak (worn)
 P - the +0 pair of gloves "Daus" (worn) {Str+2}
   (You found it on level 2 of the Lair of Beasts)

   Str:       It affects your strength (+2).
Magical Staves
 y - a staff of cold
Jewellery
 d - an amulet of regeneration (around neck)
 m - an amulet of reflection
Wands
 f - a wand of acid (9)
 h - a wand of charming (6)
 J - a wand of digging (7)
 L - a wand of mindburst (11)
 S - a wand of iceblast (10)
Scrolls
 g - 3 scrolls of enchant weapon
 r - 3 scrolls of teleportation
 E - 3 scrolls of magic mapping
 G - a scroll of summoning
 H - a scroll of blinking
 N - a scroll of enchant armour
 O - a scroll of immolation
 W - a scroll of fear
Potions
 c - 3 potions of might
 e - 4 potions of flight
 n - a potion of mutation
 p - 3 potions of curing
 q - a potion of attraction
 s - 3 potions of haste
 v - 2 potions of invisibility
 z - 4 potions of heal wounds
 A - 2 potions of lignification
 I - a potion of resistance
 M - 2 potions of brilliance
 T - a potion of cancellation
 U - a potion of degeneration {unknown}
 V - 2 potions of magic
Miscellaneous
 F - a tin of tremorstones (2/2)
 K - a phantom mirror
 R - a phantom mirror


   Skills:
 + Level 8.7 Fighting
 - Level 5.0 Armour
 - Level 7.3 Dodging
 - Level 1.5 Stealth
 * Level 6.7 Shields
 + Level 12.2 Spellcasting
 - Level 16.0 Invocations


You had 3 spell levels left.
You knew the following spells:

 Your Spells              Type           Power      Damage    Failure   Level
a - Sting                 Tmut/Pois      100%       1d8       1%          1
b - Poisonous Vapours     Pois/Air       100%       N/A       1%          2
c - Mephitic Cloud        Conj/Pois/Air  70%        N/A       1%          3
d - Olgreb's Toxic Radia  Pois           70%        N/A       6%          4
e - Foxfire               Conj/Fire      100%       2x1d9     1%          1
f - Scorch                Fire           100%       2d10      1%          2
g - Tukima's Dance        Hex            70%        N/A       1%          3
h - Lesser Beckoning      Tloc           70%        N/A       1%          3
i - Irradiate             Conj/Tmut      35%        3d25      17%         5
j - Lee's Rapid Deconstr  Erth           35%        3d19*     17%         5
k - Starburst             Conj/Fire      35%        6d10      67%         6
Your spell library was empty.

Dungeon Overview and Level Annotations

Branches:
Dungeon (12/15)            Temple (1/1) D:5            Lair (5/6) D:11
  Swamp (0/4) Lair:2        Snake (0/4) Lair:4        Slime (0/5) Lair:5
    Orc (2/2) D:9             Elf (0/3) Orc:2       Ossuary (visited)
  IceCv (1/1)

Altars:
Ashenzari
Cheibriados
Elyvilon
Fedhas
Gozag
Kikubaaqudgha
Makhleb
Nemelex Xobeh
Okawaru
Qazlal
Ru
Sif Muna
Trog
Vehumet
Wu Jian
Xom
Zin
Beogh

Shops:
D:1 [   D:4 (   D:6 *   D:10 *   Orc:2 :[[:

Annotations:
D:5 Sweetruy1997's ghost, novice HOMo
D:10 2 runed translucent doors
Lair:4 exclusion: oklob plant IceCv exclusion: ice statue


Innate Abilities, Weirdness & Mutations

You are immune to sickness and miasma.
You are immune to poison.
Your flesh is very heat resistant. (rF++)
You are vulnerable to cold. (rC-)
You float through the air rather than walking.
You learn spells naturally, not from books.
Your magical power is your life essence.
You have superior vitality. (+4 HP)
You sometimes lose the ability to read scrolls when taking damage.


Message History

You take 4 damage, and have 64/104 hp.
Casting: Irradiate (dangerous; 17% risk of failure)
Confirm with . or Enter, or press ? or * to list all spells.
The spell is quite dangerous to cast (67% risk of failure)!
Continue anyway?
Casting: Starburst (quite dangerous; 67% risk of failure)
Press: ? - help, Dir - look around, f - activate You miscast Starburst.
You are lightly contaminated with residual magic.
Heat runs through your body! You resist.
You feel threatened and lose the ability to read scrolls!
The ice statue gestures at you. The shard of ice misses you.
You take 11 damage, and have 53/104 hp.
You feel very mighty all of a sudden.
The ice statue glitters chillingly in the dim dungeon light.
The ice statue gestures at you.
The freezing blast engulfs you but does no damage.
A red film seems to cover your vision as you go berserk!
You feel yourself moving faster!
You feel mighty!
You are engulfed in freezing vapours.
You now have 56/156 hp.
You slice the ice statue!!
The ice statue is moderately damaged.
You are engulfed in freezing vapours.
* * * LOW HITPOINT WARNING * * *
The ice statue gestures at you. The bolt of cold misses you.
You take 21 damage, and have 35/156 hp.
You hit the ice statue.
The ice statue is moderately damaged.
You are engulfed in freezing vapours.
* * * LOW HITPOINT WARNING * * *
The ice statue gestures at you. The bolt of cold hits you!
* * * LOW HITPOINT WARNING * * *
You take 28 damage, and have 7/156 hp.
You hit the ice statue but do no damage.
The ice statue is moderately damaged.
You are engulfed in freezing vapours.
You die...

# #≈ ≈##
..##
#..##
##.°.##
##.☼8..#
#.°.@..#
#..#.○.#
#..
##..##
#. ##..#
#. #..#
# #..#
#.##
#.##
#..#


You could see an ice statue.

Vanquished Creatures
  5 hydras
  A catoblepas (Lair:5)
  2 boulder beetles (D:11)
  An ogre mage (D:11)
  4 two-headed ogres
  10 death yaks
  4 orc high priests (Orc:2)
  Sonja (Lair:4)
  An orc knight (Orc:1)
  An ugly thing (D:12)
  A deep elf pyromancer (D:12)
  3 cyclopes
  4 orc sorcerers
  3 black mambas
  5 elephants (Lair:3)
  An eye of devastation (Lair:5)
  A torpor snail (Lair:5)
  3 cane toads
  An unseen horror (D:11)
  A rime drake (IceCv)
  7 komodo dragons
  2 kobold demonologists
  2 hornets (D:10)
  7 polar bears
  A troll (D:10)
  8 blink frogs
  8 dream sheep
  5 slime creatures (D:12)
  2 shadows
  A wraith (D:9)
  7 wyverns
  30 yaks
  4 basilisks
  A steam dragon (D:8)
  4 vampire mosquitoes (D:10)
  3 swamp worms (Lair:2)
  4 wargs
  3 nagas (Lair:4)
  3 acid dragons
  6 water moccasins
  A floating eye (Lair:5)
  A hornet zombie (D:6)
  An ice beast (D:7)
  A black bear (D:7)
  22 orc warriors
  18 wolves
  10 ogres
  3 centaurs
  5 kobold brigands
  A phantom (D:5)
  12 bullfrogs
  A scorpion (Lair:3)
  A water moccasin zombie (D:5)
  3 gnoll sergeants
  A water moccasin skeleton (D:5)
  9 killer bees
  3 wights (D:8)
  A howler monkey (D:11)
  6 electric eels (D:10)
  A crimson imp (D:5)
  A hound (D:5)
  2 centaur zombies
  A jelly (D:5)
  Crazy Yiuf (D:7)
  A centaur skeleton (D:7)
  3 gnoll shamans
  29 orc priests
  2 iguanas
  28 orc wizards
  3 hell rats (Lair:3)
  2 hound skeletons (D:4)
  A mummy (Ossuary)
  A howler monkey zombie (D:10)
  30 gnolls
  A howler monkey skeleton (D:4)
  7 adders
  A shadow imp (D:8)
  3 white imps (D:5)
  3 ufetubi
  3 worms
  A dart slug (D:2)
  57 orcs
  2 spectral bats (Ossuary)
  2 ball pythons (D:3)
  3 bats
  4 endoplasms
  A giant cockroach (D:1)
  2 goblins
  5 hobgoblins
  7 jackals
  5 quokkas
  5 bat simulacra (Ossuary)
  2 frilled lizards
  12 gnoll zombies (Ossuary)
  5 goblin zombies (Ossuary)
  3 hobgoblin zombies (Ossuary)
  32 kobolds
  2 kobold simulacra (Ossuary)
  5 kobold zombies (Ossuary)
  5 orc zombies (Ossuary)
  5 rats
  4 rat simulacra (Ossuary)
  A spectral goblin (Ossuary)
  3 spectral kobolds (Ossuary)
  2 spectral rats (Ossuary)
560 creatures vanquished.

Vanquished Creatures (collateral kills)
  A two-headed ogre (D:11)
  4 elephants (Lair:3)
  4 yaks (Lair:3)
  2 hell rats (Lair:3)
11 creatures vanquished.

Vanquished Creatures (others)
  4 dancing weapons
  10 fungi
  15 plants
29 creatures vanquished.

Grand Total: 600 creatures vanquished

Notes
Turn   | Place    | Note
-------+----------+-------------------------------------------
     0 | D:1      | jasper the Djinni Venom Mage began the quest for the Orb.
     0 | D:1      | Reached XP level 1. HP: 15/15 MP: 0/0
   431 | D:1      | Reached XP level 2. HP: 19/22 MP: 0/0
  1506 | D:1      | Found Qozaczus's Antique Armour Boutique.
  1717 | D:2      | Reached skill level 1 in Fighting
  1717 | D:2      | Reached XP level 3. HP: 21/27 MP: 0/0
  1717 | D:2      | Learned a level 1 spell: Foxfire
  2450 | D:2      | Found a faded altar of an unknown god.
  2598 | D:3      | Reached XP level 4. HP: 27/32 MP: 0/0
  2914 | D:3      | Reached XP level 5. HP: 31/38 MP: 0/0
  2914 | D:3      | Learned a level 2 spell: Scorch
  3522 | D:4      | Found a sand-covered staircase.
  3537 | Ossuary  | Entered an ossuary
  3564 | Ossuary  | Reached XP level 6. HP: 37/44 MP: 0/0
  4263 | D:4      | Noticed an ogre
  4281 | D:4      | Killed an ogre
  4416 | D:4      | Noticed an ogre
  4421 | D:4      | Killed an ogre
  4422 | D:4      | Reached XP level 7. HP: 47/50 MP: 0/0
  4422 | D:4      | Learned a level 3 spell: Tukima's Dance
  4442 | D:4      | Found Adoav's Antique Weapon Shop.
  5221 | D:5      | Entered Level 5 of the Dungeon
  5221 | D:5      | Noticed Sweetruy1997's ghost (novice HOMo)
  5221 | D:5      | Found a transporter.
  5222 | D:5      | Found a transporter.
  5380 | D:5      | Found a staircase to the Ecumenical Temple.
  5390 | D:5      | Reached skill level 5 in Spellcasting
  5396 | D:5      | Reached XP level 8. HP: 53/58 MP: 0/0
  5397 | Temple   | Entered the Ecumenical Temple
  5419 | Temple   | Became a worshipper of Makhleb the Destroyer
  5534 | D:5      | Reached skill level 5 in Dodging
  6342 | D:4      | Bought a dazzling war axe for 204 gold pieces
  6342 | D:4      | Identified the +1 war axe "Giklaes" {drain, rN+ Str-5 Int+4
                  | Dex+5} (You bought it in a shop on level 4 of the Dungeon)
  6635 | D:6      | Reached skill level 5 in Fighting
  6635 | D:6      | Reached XP level 9. HP: 36/65 MP: 0/0
  6635 | D:6      | Learned a level 3 spell: Lesser Beckoning
  6693 | D:6      | Found a broken altar of Ashenzari.
  7014 | D:6      | Found Kaceylid's General Store.
  7323 | D:7      | Reached * piety under Makhleb
  7420 | D:7      | Noticed a cyclops
  7437 | D:7      | Killed a cyclops
  7712 | D:7      | Found a runed translucent door.
  7713 | D:7      | Noticed Crazy Yiuf
  7769 | D:7      | Killed Crazy Yiuf
  7826 | D:8      | Reached XP level 10. HP: 73/73 MP: 0/0
  7847 | D:8      | Noticed a five-headed hydra
  7870 | D:8      | Killed a five-headed hydra
  8160 | D:8      | Reached ** piety under Makhleb
  8196 | D:8      | Reached XP level 11. HP: 79/79 MP: 0/0
  8196 | D:8      | Learned a level 5 spell: Irradiate
  8727 | D:9      | Found a blossoming altar of Fedhas.
  8996 | D:9      | Reached *** piety under Makhleb
  9000 | D:9      | Found a staircase to the Orcish Mines.
  9176 | D:9      | Noticed a two-headed ogre
  9197 | D:9      | Killed a two-headed ogre
  9253 | D:9      | Noticed a cyclops
  9268 | D:9      | Killed a cyclops
  9269 | D:9      | Reached XP level 12. HP: 64/86 MP: 0/0
  9612 | D:10     | Entered Level 10 of the Dungeon
  9623 | D:10     | Noticed a two-headed ogre
  9635 | D:10     | Killed a two-headed ogre
  9636 | D:10     | Reached skill level 1 in Armour
  9636 | D:10     | Reached skill level 1 in Invocations
  9647 | D:10     | Found a large runed translucent door.
  9649 | D:10     | Found a large runed translucent door.
  9668 | D:10     | Reached skill level 2 in Invocations
  9774 | D:10     | Found Ratyleh's Elemental Accessories.
  9874 | D:10     | Noticed a two-headed ogre
  9896 | D:10     | Killed a two-headed ogre
  9967 | D:10     | Reached skill level 3 in Invocations
 10133 | D:10     | Reached **** piety under Makhleb
 10134 | D:10     | Reached skill level 4 in Invocations
 10181 | D:10     | Found a bloodstained altar of Trog.
 10181 | D:10     | Found a white marble altar of Elyvilon.
 10183 | D:10     | Found an ornate altar of the Wu Jian Council.
 10714 | D:11     | Noticed a two-headed ogre
 10723 | D:11     | Killed a two-headed ogre
 10741 | D:11     | Found a staircase to the Lair.
 11084 | D:11     | Noticed a two-headed ogre
 11091 | D:11     | Killed a two-headed ogre
 11092 | D:11     | Reached skill level 5 in Armour
 11092 | D:11     | Reached skill level 5 in Invocations
 11110 | D:11     | Noticed an ogre mage
 11120 | D:11     | Paralysed by something for 6 turns
 11188 | D:11     | Noticed a boulder beetle
 11189 | D:11     | Noticed a boulder beetle
 11192 | D:11     | Killed an ogre mage
 11193 | D:11     | Reached skill level 6 in Invocations
 11193 | D:11     | Killed a boulder beetle
 11264 | D:11     | Killed a boulder beetle
 11265 | D:11     | Reached skill level 7 in Invocations
 11520 | D:11     | Identified the +0 leather armour of Wonderful Salvation
                  | {Dex+6}
 11697 | Lair:1   | Entered Level 1 of the Lair of Beasts
 11708 | Lair:1   | Reached XP level 13. HP: 92/92 MP: 0/0
 11708 | Lair:1   | Learned a level 5 spell: Lee's Rapid Deconstruction
 11870 | Lair:1   | Reached skill level 8 in Invocations
 11913 | Lair:1   | Reached skill level 9 in Invocations
 11920 | Lair:1   | Reached skill level 10 in Invocations
 11927 | Lair:1   | Gained mutation: You sometimes lose the ability to read
                  | scrolls when taking damage. [mutagenic glow]
 12088 | Lair:1   | Reached ***** piety under Makhleb
 12580 | Lair:2   | Noticed an eight-headed hydra
 12584 | Lair:2   | Killed an eight-headed hydra
 12613 | Lair:2   | Reached skill level 11 in Invocations
 12970 | Lair:2   | Identified the +0 pair of gloves "Daus" {Str+2}
 13134 | Lair:2   | Noticed a five-headed hydra
 13139 | Lair:2   | Killed a five-headed hydra
 13146 | Lair:2   | Found a staircase to the Swamp.
 13454 | Lair:3   | Identified the +3 hand crossbow of the Nine Things {penet,
                  | rElec MP+9}
 13511 | Lair:3   | Reached skill level 12 in Invocations
 13538 | Lair:3   | Reached XP level 14. HP: 62/98 MP: 0/0
 13539 | Lair:3   | Reached skill level 13 in Invocations
 14449 | Lair:4   | Noticed Sonja
 14454 | Lair:4   | Killed Sonja
 14537 | Lair:4   | Found a staircase to the Snake Pit.
 14732 | Lair:4   | Reached skill level 14 in Invocations
 15165 | Lair:5   | Found a staircase to the Slime Pits.
 15166 | Lair:5   | Paralysed by a floating eye for 4 turns
 15370 | Lair:5   | Reached skill level 15 in Invocations
 15468 | Lair:5   | Found an ornate altar of the Wu Jian Council.
 15969 | Orc:1    | Entered Level 1 of the Orcish Mines
 16181 | Orc:1    | Reached ****** piety under Makhleb
 16330 | Orc:2    | Entered Level 2 of the Orcish Mines
 16330 | Orc:2    | Found a staircase to the Elven Halls.
 16740 | Orc:2    | Reached skill level 16 in Invocations
 16747 | Orc:2    | Paralysed by an orc sorcerer for 4 turns
 16901 | Orc:2    | Found Hesicong's Antique Armour Shoppe.
 16901 | Orc:2    | Found Feesaoch's Book Shoppe.
 16906 | Orc:2    | Found Venusol's Armour Emporium.
 16908 | Orc:2    | Found Ahaibuell's Book Emporium.
 17184 | Orc:2    | Reached skill level 5 in Shields
 17184 | Orc:2    | Reached XP level 15. HP: 51/103 MP: 0/0
 17184 | Orc:2    | Learned a level 6 spell: Starburst
 17550 | D:12     | Found a frozen archway.
 17578 | IceCv    | Entered an ice cave
 18226 | IceCv    | HP: 7/156 [ice statue/bolt of cold (12)]
 18227 | IceCv    | Engulfed by an ice statue's freezing vapour

Illustrated notes

Levels and vault maps discovered:
D:1:      sevenhm_arrival_forest_fort_small_4, layout_basic, serial_shops, shop
D:2:      layout_basic, ebering_ecumenical_altar_mist
D:3:      cheibrodos_old_hovel, layout_loops_ring
D:4:      layout_basic, nicolae_ossuary_entry_ruins, serial_shops,
          kennysheep_mini_moat
D:5:      layout_loops_ring, minmay_temple_entry_purple_smoke,
          gammafunk_ghost_arena, minmay_fire_ice_demons
D:6:      layout_loops_ring, nicolae_ashenzari_panopticon, serial_shops,
          nicolae_shop_stone, chequers_serial_rivers_micro_b
D:7:      layout_cave_pools, serial_column_ruins, column_ruins_hut,
          column_ruins_hut, column_ruins_open_small,
          column_ruins_corridor_straight, column_ruins_columns_straight,
          column_ruins_open_tiny, column_ruins_grid_3, uniq_crazy_yiuf_cottage
D:8:      layout_loops_ring
D:9:      layout_loops_ring, fedhas_altar_2, david_orc_5, serial_park_tiny_pond
D:10:     layout_basic, grunt_temple_overflow_open, minmay_misc_feat_iff,
          minmay_misc_feat_plants, nicolae_elemental_shop,
          lightli_elemental_guards
D:11:     kennysheep_blocky_room, layout_gridville, erik_lair_orcish_takeover
D:12:     layout_basic, portal_ice_cave_entry_pillars_1
Temple:   eino_wide_crystal_templ
Lair:1:   layout_cave_pods
Lair:2:   layout_hall_layers, palyth_hydra_swamp_entry,
          nicolae_quartered_pool_medium, infiniplex_staircase_pool_2,
          lemuel_fruit_tree
Lair:3:   lemuel_ratsnest, layout_concentric_octagons,
          grunt_forest_small_clearing_treed
Lair:4:   layout_hall_layers, guppyfry_snake_entry_island,
          minmay_lair_oklob_bushes, minmay_hedge_maze, uniq_sonja
Lair:5:   layout_roguey, minmay_slime_entry_eyes, basic_altar
Orc:1:    layout_diamond_mine, basic_altar
Orc:2:    st_orc_mages, layout_caves
IceCv:    ice_cave_caverns_01

Skill      XL: |  1  2  3  4  5  6  7  8  9 10 11 12 13 14 15 |
---------------+----------------------------------------------+-----
Fighting       | 1 2 3 5 6 7 8 |  8.7
Spellcasting   | 3 4 5 6 7 11 12 | 12.2
Dodging        | 3 4 6 7 |  7.3
Shields        | 2 4 5 6 |  6.7
Armour         | 5 |  5.0
Invocations    | 7 12 16 | 16.0
Stealth        | |  1.5

Action                   |  1- 3 |  4- 6 |  7- 9 | 10-12 | 13-15 || total
-------------------------+-------+-------+-------+-------+-------++-------
Melee: Unarmed           |     1 |       |       |       |       ||     1
       Short sword       |     6 |       |       |       |       ||     6
       War axe           |       |    24 |    73 |    67 |   151 ||   315
 Cast: Sting             |    68 |    44 |     7 |       |       ||   119
       Olgreb's Toxic Ra |       |     7 |    35 |    68 |   157 ||   267
       Scorch            |       |    86 |   105 |    82 |    51 ||   324
       Tukima's Dance    |       |       |     4 |    17 |    12 ||    33
       Irradiate         |       |       |       |    19 |    41 ||    60
       Lee's Rapid Decon |       |       |       |       |     9 ||     9
       Starburst         |       |       |       |       |    16 ||    16
       Mephitic Cloud    |       |       |       |       |     1 ||     1
Invok: Greater Servant o |       |       |       |       |     1 ||     1
Evoke: Wand              |       |       |       |       |     1 ||     1
  Use: Scroll            |     2 |    12 |     3 |     8 |     4 ||    29
       Potion            |       |       |       |     1 |     2 ||     3
 Stab: Sleeping          |       |     1 |       |     1 |       ||     2
       Distracted        |       |       |       |       |     2 ||     2
Armor: Robe              |     6 |    26 |    19 |    21 |       ||    72
       Acid dragon scale |       |       |       |    30 |    76 ||   106
       Scale mail        |       |       |       |       |    25 ||    25
Dodge: Dodged            |    27 |    75 |   118 |   110 |   188 ||   518
Block: Buckler           |       |       |       |    54 |    79 ||   133

Table legend: (Time is in decaauts)
 A = Elapsed time spent in this place.
 B = Non-inter-level travel time spent in this place.
 C = Inter-level travel time spent in this place.
 D = Time resting spent in this place.
 E = Time spent auto-exploring this place.
 F = Levels seen in this place.
 G = Mean time per level.
                   A        B        C        D        E       F      G
               +--------+--------+--------+--------+--------+-----+--------+
         Total |  18398 |  17445 |    953 |   1743 |  12265 |  22 |  836.3 |
       Dungeon |  11410 |  10738 |    672 |   1167 |   7681 |  12 |  950.8 |
        Temple |     38 |     26 |     12 |      0 |     13 |   1 |   38.0 |
          Lair |   4231 |   4012 |    219 |     90 |   3301 |   5 |  846.2 |
  Orcish Mines |   1363 |   1313 |     50 |    115 |    816 |   2 |  681.5 |
       Ossuary |    676 |    676 |      0 |    243 |    205 |   1 |  676.0 |
      Ice Cave |    677 |    677 |      0 |    128 |    249 |   1 |  677.0 |
               +--------+--------+--------+--------+--------+-----+--------+

Top non-repeatable levels by time:
     D:1: 1707 daAuts
     D:4: 1271 daAuts
    D:11: 1119 daAuts
    D:10: 1077 daAuts
     D:5: 1008 daAuts
   Orc:2: 975 daAuts
     D:9: 936 daAuts
  Lair:4: 931 daAuts
     D:8: 923 daAuts
     D:2: 876 daAuts
     D:6: 868 daAuts
  Lair:2: 850 daAuts
  Lair:1: 825 daAuts
  Lair:3: 812 daAuts
  Lair:5: 811 daAuts
